 Dungeon Crawl Stone Soup version 0.28.0-49-g6dfe1f597d (webtiles) character file.

Game seed: 4588360008474838686

88 Exodus22XD the Poker (level 4, -10/34 HPs)
             Began as a Demonspawn Gladiator on May 19, 2022.
             Mangled by an ogre
             ... wielding a +0 giant club
              (20 damage)
             ... on level 4 of the Dungeon.
             The game lasted 00:02:00 (2525 turns).

Exodus22XD the Poker (Demonspawn Gladiator)         Turns: 2525, Time: 00:02:01

Health: -10/34     AC:  7    Str: 14    XL:     4   Next: 29%
Magic:  4/4        EV: 10    Int:  9    God:
Gold:   94         SH:  0    Dex: 17    Spells: 3/3 levels left

rFire   . . .      SeeInvis .   a - +0 trident
rCold   x . .      Faith    +   (no shield)
rNeg    + + +      Spirit   .   r - +0 scale mail of the Earth {Fly rC- rN+++ rCorr}
rPois   .          Reflect  .   c - +0 helmet
rElec   .          Harm     .   (no cloak)
rCorr   +          Rampage  .   (no gloves)
Will    .....                   (no boots)
Stlth   ..........              j - amulet of faith
HPRegen 0.11/turn               (no ring)
MPRegen 0.09/turn               (no ring)

@: flying
A: spiny 1, demonic touch 1
a: no special abilities


You were on level 4 of the Dungeon.
You visited 1 branch of the dungeon, and saw 4 of its levels.

You collected 94 gold pieces.

Inventory:

Hand Weapons
 a - a +0 trident (weapon)
Missiles
 d - 3 throwing nets (quivered)
Armour
 b - a +0 leather armour
 c - a +0 helmet (worn)
 r - the +0 scale mail of the Earth (worn) {Fly rC- rN+++ rCorr}
   (You found it on level 3 of the Dungeon)

   rC:        It makes you vulnerable to cold.
   rN:        It renders you almost immune to negative energy.
   Fly:       It grants you flight.
   rCorr:     It protects you from acid and corrosion.
Jewellery
 j - an amulet of faith (around neck)
 l - a ring of ice
Scrolls
 f - a scroll of enchant weapon {unknown}
 g - 3 scrolls of fog {unknown}
 k - a scroll of magic mapping {unknown}
 n - 2 scrolls of enchant armour {unknown}
 o - a scroll of blinking {unknown}
 p - a scroll of teleportation {unknown}
Potions
 e - 2 potions of heal wounds {unknown}
 h - a potion of brilliance {unknown}
 i - 2 potions of curing
 m - a potion of might {unknown}
 q - a potion of mutation {unknown}


   Skills:
 + Level 2.4 Fighting
 + Level 3.7 Polearms
 - Level 2.0 Throwing
 + Level 1.1 Armour
 + Level 3.1 Dodging
 + Level 0.3 Stealth


You had 3 spell levels left.
You didn't know any spells.
Your spell library was empty.

Dungeon Overview and Level Annotations

Branches:
Dungeon (4/15)
 Temple: D:4-7

Altars:


Innate Abilities, Weirdness & Mutations

You are partially covered in sharp spines.
Your touch may inflict minor irresistible damage on your foes.


Message History

The adder skeleton is severely damaged.
The adder skeleton is struck by your spines.
The adder skeleton bites you but does no damage.
You hit the adder skeleton.
You destroy the adder skeleton!
Found an escape hatch in the ceiling.
No target in view!
Found an escape hatch in the floor.
No target in view!
g - 3 scrolls labelled JILUEW TOMULLE (gained 1)
An ogre comes into view. It is wielding a +0 giant club.
The ogre shouts!
An ogre is nearby!
An ogre is nearby!
You reach to attack!
You hit the ogre but do no damage.
An ogre is nearby!
You hit the ogre.
The ogre is lightly wounded.
The ogre closely misses you.
You hit the ogre.
The ogre is moderately wounded.
The ogre is struck by your spines. The ogre barely misses you.
You completely miss the ogre.
The ogre is moderately wounded.
The ogre is struck by your spines. The ogre closely misses you.
You hit the ogre but do no damage.
The ogre is moderately wounded.
You hit the ogre.
The ogre is heavily wounded.
The ogre is struck by your spines. The ogre hits you with a +0 giant club!
You barely miss the ogre.
The ogre is severely wounded.
The ogre is struck by your spines. The ogre hits you with a +0 giant club!
* * * LOW HITPOINT WARNING * * *
You are too injured to fight recklessly!
You hit the ogre but do no damage. Your touch misses the ogre.
The ogre is almost dead.
The ogre hits you with a +0 giant club!!
Ouch! That really hurt!
You die...

............
.................##
##..................
#..................#
#..................##
#..................#
#..O...............#
#..@...............#
#...................
#......>.........<..
##..................
#.................#
#...............###
##.....<.......##
#............##
#...........##


You could see an ogre.

Vanquished Creatures
  3 adders (D:2)
  An adder skeleton (D:4)
  2 dart slugs
  5 ball pythons
  5 bats
  8 endoplasms
  5 giant cockroaches
  6 goblins
  6 hobgoblins
  2 kobolds (D:3)
  A quokka (D:1)
  A frilled lizard (D:3)
  3 rats
48 creatures vanquished.

Notes
Turn   | Place    | Note
-------+----------+-------------------------------------------
     0 | D:1      | Exodus22XD the Demonspawn Gladiator began the quest for the
                  | Orb.
     0 | D:1      | Reached XP level 1. HP: 16/16 MP: 1/1
   179 | D:1      | Gained mutation: Your touch may inflict minor irresistible
                  | damage on your foes. [demonic ancestry]
   179 | D:1      | Reached XP level 2. HP: 22/22 MP: 2/2
   710 | D:2      | Gained mutation: You are partially covered in sharp spines.
                  | [demonic ancestry]
   710 | D:2      | Reached XP level 3. HP: 20/27 MP: 3/3
   879 | D:2      | Found a faded altar of an unknown god.
  1455 | D:2      | Reached XP level 4. HP: 31/34 MP: 4/4
  1574 | D:2      | Reached skill level 1 in Armour
  2278 | D:3      | Identified the +0 scale mail of the Earth {Fly rC- rN+++
                  | rCorr}
  2515 | D:4      | Noticed an ogre
  2525 | D:4      | Mangled by an ogre

Illustrated notes

Levels and vault maps discovered:
D:1:      minmay_arrival_solitary_statue, layout_rooms, eino_curves_03
D:2:      layout_basic, dilly_ecumenical_altar_fadedgnrine
D:3:      layout_basic, nrook_mini_vaults, minmay_misc_feat_x
D:4:      layout_cave_pods, minivault_19, nicolae_wooded_promenade,
          minmay_circle_x, uniq_menkaure

Skill      XL: |  1  2  3  4 |
---------------+-------------+-----
Polearms       | 3 |  3.7
Throwing       | 2 |  2.0
Dodging        | 3 |  3.1
Armour         | 1 |  1.1
Fighting       | |  2.4
Stealth        | |  0.3

Action                   |  1- 3 |  4- 6 || total
-------------------------+-------+-------++-------
Melee: Trident           |    89 |    30 ||   119
       Touch             |     9 |     2 ||    11
       Punch             |     2 |       ||     2
 Stab: Sleeping          |       |     1 ||     1
Armor: Leather armour    |    18 |       ||    18
       Scale mail        |       |     2 ||     2
Dodge: Dodged            |    31 |     7 ||    38
